 Dungeon Crawl Stone Soup version 0.30-a0-881-g1ff12e1e11 (webtiles) character file.

Game seed: 17981776623475083179

1032 domi the Destroyer (level 8, 41/52 HPs)
             Began as a Demonspawn Conjurer on Mar 14, 2023.
             Got out of the dungeon alive.
             The game lasted 00:08:17 (6733 turns).

domi the Destroyer (Demonspawn Conjurer)            Turns: 6733, Time: 00:08:17

Health: 41/52      AC:  6    Str:  7    XL:     8   Next: 3%
Magic:  20/20      EV: 12    Int: 27    God:
Gold:   307        SH:  0    Dex: 11    Spells: 1/11 levels left

rFire   . . .      SeeInvis .    B - +2 whip (elec)
rCold   . . .      Faith    .    (no shield)
rNeg    . . .      Spirit   .    a - +0 robe
rPois   .          Reflect  .    v - +2 hat
rElec   .          Rampage  .    (no cloak)
rCorr   .                        o - +0 pair of gloves
Will    .....                    i - +0 pair of boots
Stlth   ++                       (no amulet)
HPRegen 0.28/turn                C - ring of magical power {MP+9}
MPRegen 0.17/turn                z - ring of flight {+Fly, !d}

@: flying
A: hooves 2, powered by pain 1, big brain 2
a: no special abilities


You escaped.
You visited 2 branches of the dungeon, and saw 7 of its levels.

You collected 307 gold pieces.

Inventory:

Hand Weapons
 h - a +0 club
   (You took it off a goblin on level 1 of the Dungeon)
 w - a +1 dagger of venom
   (You took it off a goblin on level 3 of the Dungeon)
 B - a +2 whip of electrocution (weapon)
   (You found it on level 4 of the Dungeon)
Armour
 a - a +0 robe (worn)
 i - a +0 pair of boots (worn)
   (You found it on level 1 of the Dungeon)
 o - a +0 pair of gloves (worn)
   (You found it on level 2 of the Dungeon)
 v - a +2 hat (worn)
   (You found it on level 3 of the Dungeon)
Magical Staves
 A - a staff of earth
   (You found it on level 4 of the Dungeon)
Jewellery
 p - a +6 ring of dexterity
   (You found it on level 2 of the Dungeon)
 z - a ring of flight (right hand) {+Fly, !d}
   (You found it on level 4 of the Dungeon)
 C - a ring of magical power (left hand) {MP+9}
   (You found it on level 4 of the Dungeon)
Wands
 b - a wand of iceblast (7)
   (You took it off Ijyb on level 3 of the Dungeon)
 u - a wand of mindburst (5)
   (You found it on level 3 of the Dungeon)
 D - a wand of paralysis (5)
   (You found it on level 5 of the Dungeon)
Scrolls
 d - 5 scrolls of teleportation {unknown}
 f - a scroll of blinking {unknown}
 g - 7 scrolls of enchant weapon {unknown}
 j - 2 scrolls of vulnerability {unknown}
 k - 2 scrolls of magic mapping {unknown}
 n - 2 scrolls of noise {unknown}
 q - 2 scrolls of identify {unknown}
 s - a scroll of silence {unknown}
 x - a scroll of fog {unknown}
 y - a scroll of amnesia {unknown}
Potions
 c - 2 potions of attraction {unknown}
 e - 3 potions of berserk rage {unknown}
 l - a potion of lignification {unknown}
 m - 2 potions of resistance {unknown}
 r - a potion of cancellation {unknown}
 t - 5 potions of flight {unknown}
 E - a potion of curing {unknown}


   Skills:
 - Level 1.7 Dodging
 - Level 1.7 Stealth
 - Level 2.0 Spellcasting
 - Level 8.0 Conjurations
 - Level 5.2 Translocations
 + Level 1.1 Air Magic
 + Level 1.2 Poison Magic


You had one spell level left.
You knew the following spells:

 Your Spells              Type           Power      Damage    Failure   Level
c - Iskenderun's Mystic   Conj/Tloc      38%        2d9       6%          4
x - Searing Ray           Conj           90%        2d7       1%          2
z - Magic Dart            Conj           100%       1d8       1%          1
C - Mephitic Cloud        Conj/Pois/Air  21%        N/A       7%          3

Your spell library contained the following spells:

 Spells                   Type           Power      Damage    Failure   Level
 Dazzling Flash           Conj/Hex       48%        N/A       5%          3
 Call Imp                 Summ           2%         N/A       14%         2
 Fulminant Prism          Conj/Hex       12%        3d9       19%         4
 Sticky Flame             Conj/Fire      24%        2d5       19%         4
 Ignite Poison            Fire/Tmut/Pois 5%         N/A       24%         3
 Starburst                Conj/Fire      12%        6d5       96%         6
 Ignition                 Fire           1%         3d3       100%        8


Dungeon Overview and Level Annotations

Branches:
Dungeon (6/15)             Temple (1/1) D:5

Altars:
Dithmenos
Fedhas
Hepliaklqana
Makhleb
Nemelex Xobeh
Qazlal
Ru
Sif Muna
Trog
Uskayaw
Vehumet
Wu Jian
Xom
Yredelemnul


Innate Abilities, Weirdness & Mutations

You have hoof-like feet.
You sometimes gain a little power by taking damage.
You have an extremely huge brain. (Int +4)


Message History

A centaur comes into view.
A centaur is nearby!
A centaur is nearby!
A centaur is nearby!
Aim: a centaur (asleep, 100% to hit)
The magic dart hits the centaur.
The centaur shouts!
The centaur wields a +0 shortbow.
The centaur shoots an arrow.
The arrow hits you.
You see here an adder skeleton.
The centaur shoots an arrow.
The arrow hits you.
You start resting.
The centaur shoots an arrow.
The arrow barely misses you.
The centaur unwields a +0 shortbow.
The centaur barely misses you.
The centaur kicks you but does no damage.
A sleepcap comes into view.
Aim: a centaur (89% to hit)
The searing ray misses the centaur. (Press . to maintain the ray.)
The centaur hits you but does no damage.
The centaur kicks you but does no damage.
The centaur hits you but does no damage.
The centaur kicks you but does no damage.
The searing ray hits the centaur!
The centaur barely misses you. The centaur closely misses you.
The searing ray hits the centaur.
The centaur hits you. The centaur kicks you. The centaur completely misses you.
The centaur barely misses you.
The searing ray hits the centaur!
You finish channelling your searing ray.
The centaur hits you.
The centaur kicks you but does no damage.
You hit the centaur.
You kill the centaur!
Your Air Magic skill increases to level 1!
Your Poison Magic skill increases to level 1!
You have reached level 8!
You feel clever.
Your demonic ancestry asserts itself...
You feel energised by your suffering. The sleepcap releases spores at you!
Things that are here:
a +0 shortbow; a centaur corpse You can't go up here!
You hit the sleepcap but do no damage. The sleepcap releases spores at you.
The sleepcap releases spores at you but does no damage.
You hit the sleepcap but do no damage. The sleepcap closely misses you.
Aim: a sleepcap (100% to hit)
The searing ray hits the sleepcap. (Press . to maintain the ray.)
The sleepcap barely misses you.
The searing ray hits the sleepcap.
The sleepcap releases spores at you!
You are engulfed in a cloud of soporific spores!
You fall asleep.
The sleepcap completely misses you.
The sleepcap releases spores at you but does no damage.
The sleepcap releases spores at you!
You wake up.
* * * LOW HITPOINT WARNING * * *
You focus on the pain.
You feel your power returning.
You are engulfed in a cloud of soporific spores!
You are unaffected.
Unknown command.
Aim: a sleepcap (moderately damaged, 100% to hit)
The searing ray hits the sleepcap. (Press . to maintain the ray.)
The sleepcap closely misses you.
The searing ray hits the sleepcap.
The sleepcap releases spores at you.
* * * LOW HITPOINT WARNING * * *
The searing ray hits the sleepcap!
The sleepcap releases spores at you.
* * * LOW HITPOINT WARNING * * *
The searing ray hits the sleepcap.
You destroy the sleepcap!
You finish channelling your searing ray.
As you open the door, it creaks loudly!
(D) Dungeon (T) Temple
Where to? (Enter - D:6 @ (x,y), ? - help)
What level of the Dungeon? (default 1, ? - help)
There is an open door here.
There is a stone staircase leading up here.
You fly upwards.
There is a stone staircase leading down here.
There is a stone staircase leading up here.
You fly upwards.
There is a stone staircase leading down here.
You reach down and open the door.
There is an open door here.
There is a stone staircase leading up here.
You fly upwards.
There is a stone staircase leading down here.
There is a stone staircase leading up here.
You fly upwards.
There is a stone staircase leading down here.
There is an open door here.
There is a stone staircase leading up here.
You fly upwards.
There is a stone staircase leading down here.
There is a fountain of clear blue water here.
A kobold comes into view. It is wielding a +0 whip.
The kobold shouts!
There is a staircase leading out of the dungeon here.
Are you sure you want to leave the Dungeon?
This will make you lose the game!
You have escaped!

#######.####.#### #...# #
#####.#.§.....### #...#
#.......§§§♣.♣♣.#####...#
###.###.#§§§○♣♣..♣.8☼##...#
##...##.#..§♣♣.⌠.⌠♣.♣.♣#...###
...#####.#♣♣.♣⌠...⌠♣.♣♣......#
#### ##♣ ♣)⌠..∩..⌠.♣.♣..##.#
♣⌠.......⌠♣.♣...#.####
♣♣..∩.@.∩K.............
#♣♣.⌠.......⌠.♣♣#.##.###.
#..♣.⌠..∩.§§♣♣.♣#.##.# #.
##♣♣.♣⌠..§§§♣♣.......# #.
#..♣♣.⌠.§♣§♣.♣##.#### #.
##8♣.♣.♣.♣♣§§###.### #.
####.♣♣.♣####.....# ## ####.#
#.....# ## #.### #..)..# #.


You could see a kobold.

Vanquished Creatures
  Sigmund (D:3)
  A centaur (D:6)
  A kobold brigand (D:6)
  3 scorpions
  2 hounds
  A gnoll bouda (D:6)
  2 iguanas
  Jessica (D:3)
  Ijyb (D:3)
  A sleepcap (D:6)
  Natasha (D:3)
  An orc wizard (D:5)
  5 gnolls (D:6)
  12 adders
  An ufetubus (D:6)
  A worm (D:2)
  3 dart slugs
  16 orcs
  5 ball pythons
  7 endoplasms
  2 giant cockroaches (D:4)
  9 goblins
  9 hobgoblins
  15 kobolds
  2 quokkas
  6 bats
  5 frilled lizards
  7 rats
  A bush (D:3)
122 creatures vanquished.

Vanquished Creatures (others)
  2 plants (D:3)
2 creatures vanquished.

Grand Total: 124 creatures vanquished

Notes
Turn   | Place    | Note
-------+----------+-------------------------------------------
     0 | D:1      | domi the Demonspawn Conjurer began the quest for the Orb.
     0 | D:1      | Reached XP level 1. HP: 13/13 MP: 3/3
   287 | D:1      | Gained mutation: You have large cloven feet. [demonic
                  | ancestry]
   287 | D:1      | Reached XP level 2. HP: 19/19 MP: 1/5
  1072 | D:2      | Reached skill level 5 in Conjurations
  1072 | D:2      | Reached XP level 3. HP: 21/24 MP: 0/6
  1075 | D:2      | Learned a level 2 spell: Searing Ray
  1173 | D:2      | Found a hazy altar of Hepliaklqana.
  1654 | D:2      | Reached XP level 4. HP: 30/30 MP: 3/7
  2220 | D:2      | Reached skill level 6 in Conjurations
  2413 | D:3      | Found a sparkling altar of Nemelex Xobeh.
  2419 | D:3      | Learned a level 4 spell: Iskenderun's Mystic Blast
  2447 | D:3      | Found a shadowy altar of Dithmenos.
  2509 | D:3      | Noticed Ijyb
  2734 | D:3      | Noticed Sigmund
  2739 | D:3      | Killed Sigmund
  2740 | D:3      | Reached skill level 7 in Conjurations
  2740 | D:3      | Gained mutation: You have an unusually large brain. (Int
                  | +2) [demonic ancestry]
  2740 | D:3      | Reached XP level 5. HP: 27/35 MP: 1/8
  2740 | D:3      | Gained mutation: You have an extremely huge brain. (Int +4)
                  | [demonic ancestry]
  2740 | D:3      | Reached XP level 6. HP: 31/41 MP: 1/9
  3111 | D:3      | Noticed Jessica
  3158 | D:3      | Noticed Natasha
  3555 | D:3      | Killed Natasha
  3810 | D:3      | Killed Jessica
  3960 | D:3      | Killed Ijyb
  4110 | D:4      | Found a radiant altar of Vehumet.
  4291 | D:4      | Reached skill level 8 in Conjurations
  4334 | D:4      | Reached skill level 1 in Translocations
  4835 | D:4      | Reached skill level 2 in Translocations
  5030 | D:5      | Entered Level 5 of the Dungeon
  5289 | D:5      | Gained mutation: You have hoof-like feet. [demonic
                  | ancestry]
  5289 | D:5      | Reached XP level 7. HP: 46/46 MP: 4/10
  5447 | D:5      | Found a staircase to the Ecumenical Temple.
  5476 | Temple   | Entered the Ecumenical Temple
  5757 | D:5      | Reached skill level 3 in Translocations
  5759 | D:5      | Found a burning altar of Makhleb.
  6099 | D:5      | Reached skill level 4 in Translocations
  6215 | D:5      | Found a basalt altar of Yredelemnul.
  6215 | D:5      | Found a hide-covered altar of Uskayaw.
  6346 | D:6      | Reached skill level 5 in Translocations
  6543 | D:6      | Learned a level 3 spell: Mephitic Cloud
  6617 | D:6      | Reached skill level 1 in Air Magic
  6617 | D:6      | Reached skill level 1 in Poison Magic
  6617 | D:6      | Gained mutation: You sometimes gain a little power by
                  | taking damage. [demonic ancestry]
  6617 | D:6      | Reached XP level 8. HP: 44/52 MP: 11/11
  6624 | D:6      | HP: 12/52 [sleepcap (16)]
  6733 | D:$      | Got out of the dungeon alive.

Illustrated notes

Levels and vault maps discovered:
D:1:      heliophobic_arrival_enchanted_forest, layout_loops_cross
D:2:      layout_basic, basic_altar, minmay_divided_ellipse
D:3:      layout_loops_ring, grunt_dithmenos_smoke,
          nemelex_xobeh_ov_fountains_minmay, serial_forest,
          infiniplex_forest_end_2, infiniplex_forest_lined_3_way,
          infiniplex_forest_straight_1, infiniplex_forest_zigzag_2,
          infiniplex_forest_corner_1, uniq_ijyb, uniq_natasha, uniq_jessica,
          uniq_sigmund
D:4:      layout_loops_corners, fiery_altar_vehumet, small_statue_intersection
D:5:      nicolae_cairo_tiling_large_dashed, layout_rooms, lemuel_tele_altar,
          amethyst_overflow_temple_binary, temple_fountains,
          dreamdust_princess_bridge
D:6:      layout_basic, nicolae_overflow_hidden_temple, jmf_multi_god_temple2,
          hex_tiny, uniq_blork_the_orc
Temple:   hellmonk_temple_flake

Skill      XL: |  1  2  3  4  5  6  7 |
---------------+----------------------+-----
Conjurations   | 5 7 8 |  8.0
Translocations | 2 5 |  5.2
Air Magic      | 1 |  1.1
Poison Magic   | 1 |  1.2
Dodging        | |  1.7
Stealth        | |  1.7
Spellcasting   | |  2.0

Action                     |  1- 3 |  4- 6 |  7- 9 || total
---------------------------+-------+-------+-------++-------
  Melee: Unarmed           |     4 |       |       ||     4
         Club              |     6 |    20 |       ||    26
         Punch             |       |     3 |       ||     3
         Dagger            |       |    50 |       ||    50
         Whip              |       |       |    37 ||    37
   Cast: Magic Dart        |    71 |    77 |    43 ||   191
         Searing Ray       |       |    11 |    13 ||    24
  Evoke: Wand              |       |       |     1 ||     1
    Use: Potion            |       |     1 |       ||     1
 Armour: Robe              |     3 |    28 |    22 ||    53
  Dodge: Dodged            |     7 |    37 |    37 ||    81

Table legend: (Time is in decaauts)
 A = Elapsed time spent in this place.
 B = Non-inter-level travel time spent in this place.
 C = Inter-level travel time spent in this place.
 D = Time resting spent in this place.
 E = Time spent auto-exploring this place.
 F = Levels seen in this place.
 G = Mean time per level.
                   A        B        C        D        E       F      G
               +--------+--------+--------+--------+--------+-----+--------+
         Total |   6745 |   6328 |    417 |    727 |   4789 |   7 |  963.6 |
       Dungeon |   6554 |   6146 |    408 |    727 |   4617 |   6 | 1092.3 |
        Temple |    190 |    181 |      9 |      0 |    172 |   1 |  190.0 |
               +--------+--------+--------+--------+--------+-----+--------+

Top non-repeatable levels by time:
     D:3: 1598 daAuts
     D:4: 1308 daAuts
     D:2: 1288 daAuts
     D:1: 1177 daAuts
     D:5: 775 daAuts
     D:6: 405 daAuts
  Temple: 190 daAuts

Table legend:
 A = Kills in this place as a percentage of kills in the entire game.
 B = Kills by you in this place as a percentage of kills by you in the entire game.
 C = Kills by friends in this place as a percentage of kills by friends in the entire game.
 D = Other kills in this place as a percentage of other kills in the entire game.
 E = Experience gained in this place as a percentage of experience gained in the entire game.
 F = Experience gained in this place divided by the number of levels of this place that you have seen.
                   A       B       C       D       E      F
               +-------+-------+-------+-------+-------+----------------------
         Total | 100.0 | 100.0 |   N/A |   N/A | 100.0 | 210.7
       Dungeon | 100.0 | 100.0 |   N/A |   N/A | 100.0 | 245.8
               +-------+-------+-------+-------+-------+----------------------
